 Dungeon Crawl Stone Soup version 0.30.1-11-g7821555f0a (webtiles) character file.

Game seed: 1542189741657514633

11 ChrisAssaf the Caller (level 2, 0/19 HPs)
             Began as a Human Summoner on Nov 19, 2023.
             Slain by an endoplasm (2 damage)
             ... on level 2 of the Dungeon.
             The game lasted 00:02:46 (516 turns).

ChrisAssaf the Caller (Human Summoner)               Turns: 516, Time: 00:02:46

Health: 0/19       AC:  2    Str:  8    XL:     2   Next: 40%
Magic:  2/5        EV: 12    Int: 15    God:
Gold:   7          SH:  0    Dex: 13    Spells: 2/5 levels left

rFire   . . .        e - +0 sling
rCold   . . .        (no shield)
rNeg    . . .        a - +0 robe
rPois   .            (no helmet)
rElec   .            (no cloak)
rCorr   .            (no gloves)
SInv    .            (no boots)
Will    .....        (no amulet)
Stlth   ++           (no ring)
HPRegen 0.23/turn    (no ring)
MPRegen 0.09/turn

%: no passive effects
@: no status effects
A: no striking features
a: no special abilities


You were on level 2 of the Dungeon.
You visited 1 branch of the dungeon, and saw 2 of its levels.

You collected 7 gold pieces.

Inventory:

Hand Weapons
 d - a +0 short sword
 e - a +0 sling (weapon)
Armour
 a - a +0 robe (worn)
Jewellery
 c - a +6 ring of dexterity
Scrolls
 f - 2 scrolls of poison {unknown}
Potions
 b - a potion of magic


   Skills:
 * Level 0.2 Fighting
 * Level 0.1 Ranged Weapons
 * Level 0.2 Armour
 * Level 2.0 Dodging
 * Level 2.0 Stealth
 * Level 2.1 Spellcasting
 * Level 4.3 Summonings


You had 2 spell levels left.
You knew the following spells:

 Your Spells              Type           Power      Damage    Failure   Level
a - Summon Small Mammal   Summ           56%        N/A       3%          1
b - Call Imp              Summ           28%        N/A       5%          2

Your spell library contained the following spells:

 Spells                   Type           Power      Damage    Failure   Level
 Call Canine Familiar     Summ           14%        N/A       11%         3
 Summon Guardian Golem    Hex/Summ       8%         N/A       26%         3
 Summon Lightning Spire   Summ/Air       8%         N/A       65%         4


Dungeon Overview and Level Annotations

Branches:
Dungeon (2/15)

Altars:


Message History

The adder bites you.
An endoplasm comes into view.
Casting: Call Imp (safe; 5% risk of failure)
Confirm with . or Enter, or press ? or * to list all spells.
The adder misses you.
Your cerulean imp completely misses the adder.
The adder bites you.
You are poisoned.
The adder poisons you!
Your bat barely misses the adder.
The adder bites you.
Your cerulean imp closely misses the adder.
What are your orders? t - Shout!
Orders for allies: a - Attack new target. p - Attack previous target. r - Retreat! s - Stop attacking. g - Guard the area. f - Follow me.
Anything else - Cancel.
Gang up on whom?
Press: ? - help, Dir - move target, f/p - adder
Aim: an adder (ally target) Attack!
You feel sick.
Your bat closely misses the adder.
The adder closely misses you.
Your cerulean imp barely misses the adder.
Unknown command.
You swap places.
You feel sick.
Your bat completely misses the adder.
The adder bites your cerulean imp but does no damage.
Your cerulean imp misses the adder.
You feel sick. The adder bites you.
Your cerulean imp hits the adder with a -3 spear.
You swap places.
You feel sick.
Your bat hits the adder but does no damage.
The adder barely misses you. The endoplasm freezes you.
You are frozen.
* * * LOW HITPOINT WARNING * * *
Your cerulean imp barely misses the adder.
You feel sick.
You are no longer poisoned.
Your bat barely misses the adder.
The adder bites your cerulean imp. The endoplasm hits you.
You die...

..# ..# #...# ..# #...#
..# #...# ..# #...# ..#
#...# ..#######...########
.#..............J..###..
................@5Sb.[##
##....>...................
########..<###.##.##.#..#
#...# #.##.......# #...#
#.##.##.... #...# #.....
#.## #...# ####.# .# #...#
#...#


You could see an adder (ally target), an endoplasm, a friendly cerulean imp
(summoned) and a friendly bat (summoned).

Vanquished Creatures
  An endoplasm (D:1)
  A goblin (D:2)
  2 hobgoblins
  A ball python (D:2)
5 creatures vanquished.

Vanquished Creatures (collateral kills)
  An endoplasm (D:1)
  A bat (D:1)
  3 kobolds
5 creatures vanquished.

Grand Total: 10 creatures vanquished

Notes
Turn   | Place    | Note
-------+----------+-------------------------------------------
     0 | D:1      | ChrisAssaf the Human Summoner began the quest for the Orb.
     0 | D:1      | Reached XP level 1. HP: 13/13 MP: 3/3
   348 | D:1      | Reached XP level 2. HP: 19/19 MP: 5/5
   351 | D:1      | Learned a level 2 spell: Call Imp
   516 | D:2      | Slain by an endoplasm

Illustrated notes

Levels and vault maps discovered:
D:1:      minmay_arrival_checkered_box, layout_loops_corners, minmay_ruptured
D:2:      layout_loops_cross, minmay_joined_circles

Action                     || total
---------------------------++-------
  Melee: Short sword       ||     5
   Fire: Sling             ||     7
   Cast: Summon Small Mamm ||    14
         Call Imp          ||     2
 Armour: Robe              ||     9
  Dodge: Dodged            ||    31
